 Dungeon Crawl Stone Soup version 0.28-a0-69-g49dcd67cf8 (webtiles) character file.

Game seed: 715945928220573270

5823 mcsnuffy the Thaumaturge (level 10, -6/63 HPs)
             Began as a Deep Elf Conjurer on July 31, 2021.
             Was a Priest of Sif Muna.
             Mangled by a large slime creature (26 damage)
             ... on level 9 of the Dungeon.
             The game lasted 00:57:20 (10718 turns).

mcsnuffy the Thaumaturge (Deep Elf Conjurer)       Turns: 10718, Time: 00:57:21

Health: -6/63      AC:  7    Str: 11    XL:     10   Next: 51%
Magic:  25/25      EV: 16    Int: 26    God:    Sif Muna [***...]
Gold:   632        SH:  0    Dex: 13    Spells: 20/28 levels left

rFire   . . .      SeeInvis .   F - +4 trident "Fudioni" {drain, rElec rC+ Stlth-}
rCold   + + .      Faith    .   (no shield)
rNeg    . . .      Spirit   .   G - +0 steam dragon scales
rPois   .          Reflect  .   e - +1 hat
rElec   +          Harm     .   H - +0 cloak
rCorr   .          Rampage  .   (no gloves)
Will    +....                   (no boots)
Stlth   ++........              D - amulet of magic regeneration
HPRegen 0.20/turn               C - ring of protection from cold
MPRegen 0.44/turn               S - +6 ring of strength

@: no status effects
A: no striking features
a: Renounce Religion, Channel Magic, Forget Spell


You were on level 9 of the Dungeon.
You worshipped Sif Muna.
Sif Muna was most pleased with you.
You visited 2 branches of the dungeon, and saw 10 of its levels.
You also visited: Ossuary.

You collected 632 gold pieces.


   Skills:
 - Level 7.0 Fighting
 - Level 9.0 Dodging
 - Level 7.0 Stealth
 + Level 9.6 Spellcasting
 - Level 7.0 Conjurations
 - Level 3.0 Fire Magic
 - Level 3.0 Earth Magic
 - Level 2.0 Invocations
 - Level 3.0 Evocations


You had 20 spell levels left.
You knew the following spells:

 Your Spells              Type           Power      Damage    Failure   Level
b - Bolt of Magma         Conj/Fire/Erth 17%        4d9       22%         5
m - Magic Dart            Conj           100%       1d8       1%          1
s - Searing Ray           Conj           96%        3d7       1%          2

Your spell library contained the following spells:

 Spells                   Type           Power      Damage    Failure   Level
 Dazzling Flash           Conj/Hex       60%        N/A       3%          3
 Beastly Appendage        Tmut           24%        N/A       4%          1
 Wereblood                Tmut           12%        N/A       8%          2
 Fulminant Prism          Conj/Hex       15%        3d11      12%         4
 Iskenderun's Mystic Bla  Conj/Tloc      30%        2d8       12%         4
 Spider Form              Tmut/Pois      6%         N/A       14%         3
 Leda's Liquefaction      Hex/Erth       10%        N/A       26%         4
 Statue Form              Tmut/Erth      13%        N/A       99%         6

Inventory:

Hand Weapons
 b - a +0 dagger
 g - a +0 dagger of flaming
 i - a +2 vampiric dagger
 F - the +4 trident "Fudioni" (weapon) {drain, rElec rC+ Stlth-}
   (You found it on level 6 of the Dungeon)

   A truly terrible weapon, it drains the life of any living foe it strikes.
   rC:        It protects you from cold.
   rElec:     It insulates you from electricity.
   Stlth:     It makes you less stealthy.
Missiles
 c - 19 atropa-tipped darts
 s - a throwing net {=f}
 Q - a curare-tipped dart {=f}
Armour
 a - a +0 robe
 e - a +1 hat (worn)
 G - +0 steam dragon scales (worn)
 H - a +0 cloak (worn)
Magical Staves
 z - a staff of cold {!a}
Jewellery
 C - a ring of protection from cold (left hand)
 D - an amulet of magic regeneration (around neck)
 N - a ring of positive energy
 S - a +6 ring of strength (right hand)
Wands
 m - a wand of mindburst (8)
 o - a wand of digging (7)
Scrolls
 d - 4 scrolls of teleportation {@r2}
 h - 2 scrolls of fog
 j - a scroll of fear {unknown}
 p - a scroll of summoning {unknown}
 t - 5 scrolls of enchant weapon
 x - a scroll of holy word {unknown}
 y - 3 scrolls of blinking {unknown}
 A - 4 scrolls of enchant armour
 E - a scroll of brand weapon {unknown}
 J - a scroll of noise {unknown}
 L - a scroll of magic mapping {unknown}
 M - a scroll of silence {unknown}
 O - 3 scrolls of acquirement {unknown}
 P - a scroll of immolation {unknown}
Potions
 f - a potion of ambrosia {unknown}
 k - 3 potions of curing {@q1}
 l - 4 potions of degeneration {unknown}
 n - 5 potions of brilliance
 q - a potion of resistance {unknown}
 r - a potion of invisibility {unknown}
 u - 3 potions of cancellation {unknown}
 v - a potion of berserk rage {unknown}
 w - a potion of mutation {unknown}
 B - 3 potions of lignification {unknown}
 I - 2 potions of heal wounds {unknown}
 K - 3 potions of attraction {unknown}
 T - a potion of magic {unknown}

Dungeon Overview and Level Annotations

Branches:
Dungeon (9/15)             Temple (1/1) D:5         Ossuary (visited)
   Lair: D:8-11         Orc: D:9-12

Altars:
Ashenzari
Cheibriados
Dithmenos
Elyvilon
Fedhas
Gozag
Hepliaklqana
Kikubaaqudgha
Makhleb
Nemelex Xobeh
Okawaru
Qazlal
Sif Muna
Trog
Uskayaw
Vehumet
Wu Jian
Xom
Yredelemnul
Zin
The Shining One

Shops:
D:3 [   D:7 *

Annotations:
D:8 exclusions: hornet and howler monkey

#...................#........
#$..................#.......# .
##...(...............)##...##..
#....#.V...........#..........
......##................###....
......#..................#..#
####..........###..........##.
.........)...#...............
##(.<.......ZJ@)).))..........
..............................
...........#.......#..........
..##..##.###.#....#..........
#.. #.. #.###..#.......... #.
.. ... #.......#..... ...
.#...#........... .<#..
......#.#.


You could see a large slime creature, a vampire and a howler monkey zombie.


Message History

The slime creature is lightly wounded.
The howler monkey zombie hits you.
* * * LOW HITPOINT WARNING * * *
The searing ray misses the howler monkey zombie.
The searing ray hits the slime creature!
The slime creature is heavily wounded.
The howler monkey zombie hits you but does no damage.
The searing ray misses the howler monkey zombie.
The searing ray hits the slime creature!
The slime creature is heavily wounded.
The searing ray hits the slime creature!
The slime creature is lightly wounded.
You finish channeling your searing ray.
The howler monkey zombie hits you but does no damage.
Found 19 gold pieces.
You see here 19 gold pieces.
The slime creature misses you.
Found 16 gold pieces.
A vampire comes into view.
Found 23 arrows.
The vampire gestures at you while chanting.
You easily resist.
Found 26 stones.
Found a stone staircase leading up.
Two slime creatures merge to form a large slime creature.
There is a stone staircase leading up, spattered with blood here.
Things that are here:
a +0 dagger; a +0 short sword; 9 stones The large slime creature hits you!!
You die...

Skill      XL: |  1  2  3  4  5  6  7  8  9 10 |
---------------+-------------------------------+-----
Conjurations   | 5 6 7 |  7.0
Fighting       | 1 2 4 5 7 |  7.0
Spellcasting   | 5 7 9 |  9.6
Evocations     | 1 3 |  3.0
Dodging        | 5 7 8 9 |  9.0
Stealth        | 3 5 6 7 |  7.0
Invocations    | 2 |  2.0
Fire Magic     | 3 |  3.0
Earth Magic    | 3 |  3.0

Action                   |  1- 3 |  4- 6 |  7- 9 | 10-12 || total
-------------------------+-------+-------+-------+-------++-------
Melee: Dagger            |     7 |       |    24 |       ||    31
       Whip              |     6 |       |       |       ||     6
       Trident           |       |       |     6 |       ||     6
 Cast: Magic Dart        |    92 |    59 |   187 |    28 ||   366
       Searing Ray       |       |       |    46 |    20 ||    66
Evoke: Wand              |       |     3 |     1 |       ||     4
  Use: Scroll            |     1 |       |     3 |     2 ||     6
       Potion            |       |       |     2 |       ||     2
 Stab: Sleeping          |     2 |       |     4 |       ||     6
Armor: Robe              |     6 |       |    13 |       ||    19
       Steam dragon scal |       |       |     5 |     7 ||    12
Dodge: Dodged            |    10 |     8 |    62 |    41 ||   121

Levels and vault maps discovered:
D:1:      dpeg_arrival_prison, layout_basic, st_stairs_13, minmay_octomino_c4
D:2:      layout_basic, uniq_sigmund
D:3:      minmay_roachtagon, layout_loops_ring, serial_shops, shop,
          hellmonk_ecumenical_altar_heavens_door, uniq_jessica
D:4:      layout_loops_ring, nicolae_dithmenos_shadow_blocks,
          mainiacjoe_overflow_alcove_2, grunt_ministairs_5, uniq_pikel,
          uniq_menkaure
D:5:      layout_cave_pools, trog_butcher_becter, minmay_temple_entry_mist
D:6:      minmay_chambers_of_fours, layout_basic,
          eat_drink_and_be_merry_uskayaw, lemuel_round_altar,
          supply_closet_lemuel
D:7:      layout_basic, jmf_multi_god_temple2, fedhas_altar_1,
          old_standard_altar, enter_ossuary_4, minmay_gold_behind_fungi,
          guppyfry_shop_venom
D:8:      layout_loops_cross, general_overflow_altar,
          nemelex_spade_bored_becter, uniq_erica, uniq_psyche
D:9:      layout_cave_pools
Temple:   eino_temple_lava

Notes
Turn   | Place    | Note
-------+----------+-------------------------------------------
     0 | D:1      | mcsnuffy the Deep Elf Conjurer began the quest for the Orb.
     0 | D:1      | Reached XP level 1. HP: 10/10 MP: 6/6
   174 | D:1      | Reached XP level 2. HP: 15/15 MP: 5/8
   176 | D:1      | Reached skill level 5 in Conjurations
   276 | D:1      | Reached skill level 1 in Fighting
   586 | D:1      | Reached XP level 3. HP: 14/20 MP: 3/9
  1095 | D:1      | Reached skill level 2 in Fighting
  1619 | D:2      | Noticed Sigmund
  1619 | D:2      | You fall into a shaft and drop 1 floor!
  1947 | D:2      | Reached XP level 4. HP: 25/26 MP: 9/11
  2050 | D:2      | Reached skill level 4 in Spellcasting
  2495 | D:3      | Noticed Jessica
  2498 | D:3      | Killed Jessica
  2506 | D:3      | Reached skill level 5 in Spellcasting
  2506 | D:3      | Reached skill level 1 in Evocations
  2725 | D:3      | Reached XP level 5. HP: 30/30 MP: 11/14
  3068 | D:3      | Found Goyxupul's Armour Boutique.
  3076 | D:3      | Learned a level 2 spell: Searing Ray
  3092 | D:3      | Found a faded altar of an unknown god.
  3199 | D:4      | Reached skill level 2 in Evocations
  3345 | D:4      | Noticed Pikel
  3345 | D:4      | Noticed a lemure
  3363 | D:4      | Noticed a lemure
  3364 | D:4      | Noticed a lemure
  3364 | D:4      | Noticed a lemure
  3365 | D:4      | Killed Pikel
  3366 | D:4      | Reached skill level 3 in Evocations
  3366 | D:4      | Reached skill level 4 in Fighting
  3366 | D:4      | Reached skill level 5 in Dodging
  3366 | D:4      | Reached skill level 3 in Stealth
  3366 | D:4      | Reached XP level 6. HP: 38/38 MP: 13/15
  3366 | D:4      | Reached XP level 7. HP: 43/43 MP: 13/16
  3663 | D:4      | Found a shadowy altar of Dithmenos.
  3710 | D:4      | Reached skill level 4 in Stealth
  3918 | D:4      | Found a snail-covered altar of Cheibriados.
  3919 | D:4      | Noticed Menkaure
  4085 | D:4      | Killed Menkaure
  4206 | D:4      | Reached skill level 5 in Stealth
  4309 | D:4      | Reached XP level 8. HP: 48/48 MP: 14/17
  4576 | D:4      | Reached skill level 5 in Fighting
  4947 | D:2      | Killed Sigmund
  4948 | D:2      | Reached skill level 6 in Spellcasting
  5077 | D:5      | Entered Level 5 of the Dungeon
  5143 | D:5      | Reached skill level 6 in Conjurations
  5192 | D:5      | Found a bloodstained altar of Trog.
  5231 | D:5      | Reached skill level 7 in Spellcasting
  5334 | D:5      | Found a staircase to the Ecumenical Temple.
  5343 | Temple   | Entered the Ecumenical Temple
  5453 | Temple   | Became a worshipper of Sif Muna the Loreminder
  5643 | D:5      | Reached skill level 6 in Dodging
  5730 | D:5      | Reached skill level 7 in Dodging
  5921 | D:5      | Reached skill level 6 in Stealth
  6238 | D:6      | Reached XP level 9. HP: 54/54 MP: 18/21
  6272 | D:6      | Reached * piety under Sif Muna
  6273 | D:6      | Reached skill level 7 in Stealth
  6558 | D:6      | Identified the +4 trident "Fudioni" {drain, rElec rC+
                  | Stlth-}
  6697 | D:6      | Found a hide-covered altar of Uskayaw.
  6755 | D:6      | Reached skill level 8 in Spellcasting
  7057 | D:6      | Found a radiant altar of Vehumet.
  7338 | D:6      | Noticed a cyclops
  7345 | D:6      | Reached skill level 9 in Spellcasting
  7501 | D:6      | Killed a cyclops
  7502 | D:6      | Reached skill level 6 in Fighting
  7778 | D:7      | Found a large runed translucent door.
  7778 | D:7      | Found a large runed translucent door.
  7782 | D:7      | Found a blossoming altar of Fedhas.
  7991 | D:7      | Found a basalt altar of Yredelemnul.
  8094 | D:7      | Found a sand-covered staircase.
  8103 | Ossuary  | Entered an ossuary
  8208 | Ossuary  | Reached ** piety under Sif Muna
  8215 | Ossuary  | Reached skill level 7 in Conjurations
  8287 | Ossuary  | Reached skill level 7 in Fighting
  8751 | D:7      | Found Rootem's Serpentskin Sales.
  8755 | D:7      | Reached skill level 1 in Invocations
  8992 | D:7      | Found an ancient bone altar of Kikubaaqudgha.
  9187 | D:7      | Found a glowing golden altar of the Shining One.
  9215 | D:8      | Noticed a two-headed ogre
  9222 | D:8      | Killed a two-headed ogre
  9223 | D:8      | Reached skill level 8 in Dodging
  9223 | D:8      | Reached skill level 2 in Invocations
  9223 | D:8      | Reached XP level 10. HP: 11/63 MP: 21/25
  9585 | D:8      | Learned a level 5 spell: Bolt of Magma
  9842 | D:8      | Reached skill level 1 in Fire Magic
  9904 | D:8      | Reached skill level 9 in Dodging
  9904 | D:8      | Reached skill level 1 in Earth Magic
 10006 | D:8      | Found a sparkling altar of Nemelex Xobeh.
 10073 | D:8      | Noticed Psyche
 10080 | D:8      | Killed Psyche
 10081 | D:8      | Reached skill level 2 in Fire Magic
 10081 | D:8      | Reached skill level 2 in Earth Magic
 10225 | D:8      | Found an opulent altar of Gozag.
 10635 | D:9      | Reached *** piety under Sif Muna
 10636 | D:9      | Reached skill level 3 in Fire Magic
 10636 | D:9      | Reached skill level 3 in Earth Magic
 10718 | D:9      | Mangled by a large slime creature

Vanquished Creatures
  A two-headed ogre (D:8)
  Pikel (D:4)
  A cyclops (D:6)
  Psyche (D:8)
  2 slime creatures (D:9)
  Sigmund (D:2)
  3 steam dragons
  Menkaure (D:4)
  A water moccasin (D:6)
  A sky beast (D:5)
  A black bear (D:5)
  An ice beast (D:6)
  4 ogres
  4 centaurs
  A bullfrog (D:6)
  3 kobold brigands
  3 scorpions
  6 water moccasin zombies (Ossuary)
  A wyvern skeleton (D:7)
  A wyvern zombie (D:8)
  A water moccasin skeleton (D:4)
  5 killer bees (D:8)
  3 howler monkeys (D:7)
  A bullfrog zombie (D:6)
  3 hounds
  A jelly (D:5)
  2 orc priests (D:8)
  A bullfrog skeleton (D:5)
  A centaur skeleton (D:3)
  Jessica (D:3)
  5 iguanas
  An orc wizard (D:6)
  2 mummies (Ossuary)
  A howler monkey zombie (D:6)
  5 adders
  7 gnolls
  A white imp (D:5)
  An ufetubus (D:6)
  7 adder zombies (Ossuary)
  A worm (D:3)
  An adder skeleton (D:4)
  3 dart slugs
  18 orcs
  11 ball pythons
  7 bats
  5 endoplasms
  14 giant cockroaches
  9 goblins
  7 hobgoblins
  7 jackals (D:1)
  22 kobolds
  A quokka (D:2)
  7 frilled lizards
  2 gnoll zombies (Ossuary)
  5 hobgoblin zombies (Ossuary)
  5 kobold zombies (Ossuary)
  4 orc zombies (Ossuary)
  A quokka zombie (D:7)
  10 rats
  A rat zombie (D:7)
228 creatures vanquished.

Vanquished Creatures (others)
  A fungus (D:1)
  5 toadstools (D:7)
6 creatures vanquished.

Grand Total: 234 creatures vanquished

Table legend: (Time is in decaauts)
 A = Elapsed time spent in this place.
 B = Non-inter-level travel time spent in this place.
 C = Inter-level travel time spent in this place.
 D = Time resting spent in this place.
 E = Time spent auto-exploring this place.
 F = Levels seen in this place.
 G = Mean time per level.
                   A        B        C        D        E       F      G
               +--------+--------+--------+--------+--------+-----+--------+
         Total |  10748 |  10352 |    396 |   1126 |   7344 |  11 |  977.1 |
       Dungeon |  10359 |   9971 |    388 |   1126 |   7096 |   9 | 1151.0 |
        Temple |    118 |    110 |      8 |      0 |     67 |   1 |  118.0 |
       Ossuary |    270 |    270 |      0 |      0 |    181 |   1 |  270.0 |
               +--------+--------+--------+--------+--------+-----+--------+

Top non-repeatable levels by time:
     D:1: 1602 daAuts
     D:6: 1547 daAuts
     D:4: 1546 daAuts
     D:7: 1270 daAuts
     D:8: 1224 daAuts
     D:3: 1119 daAuts
     D:5: 960 daAuts
     D:2: 809 daAuts
     D:9: 277 daAuts
 Ossuary: 270 daAuts
  Temple: 118 daAuts

Table legend:
 A = Non-vault XP
 B = Vault XP
 C = Vault XP percentage of total XP
 D = Non-vault monster count
 E = Vault monster count
 F = Vault count percentage of total count
                 A         B        C        D         E       F
            +---------+---------+-------+---------+---------+-------
      Total |    5186 |    3133 |  37.7 |     154 |      74 |  32.5
            +---------+---------+-------+---------+---------+-------
        D:1 |      63 |      15 |  19.2 |      35 |      10 |  22.2
        D:2 |      32 |     223 |  87.5 |      21 |       1 |   4.5
        D:3 |      53 |      57 |  51.8 |       7 |      11 |  61.1
        D:4 |     455 |     880 |  65.9 |      24 |       4 |  14.3
        D:5 |     848 |       6 |   0.7 |      17 |       4 |  19.0
        D:6 |     779 |     842 |  51.9 |      16 |       6 |  27.3
        D:7 |     480 |     143 |  23.0 |      10 |       6 |  37.5
        D:8 |    1641 |     391 |  19.2 |      13 |       1 |   7.1
        D:9 |     835 |       0 |   0.0 |      11 |       0 |   0.0
    Ossuary |       0 |     576 | 100.0 |       0 |      31 | 100.0
            +---------+---------+-------+---------+---------+-------
